 Dungeon Crawl Stone Soup version bcrawl-1.27.6 (webtiles) character file.

Game seed: 16733921863168617621

382440 Faustar the Thaumaturge (level 11, -7/70 HPs)
             Began as a Fairy Conjurer on Sept 25, 2020.
             Was a Believer of Vehumet.
             Mangled by a shadow (29 damage)
             ... on level 9 of the Dungeon.
             The game lasted 00:29:27 (8289 turns).

Faustar the Thaumaturge (Fairy Conjurer)            Turns: 8289, Time: 00:29:27

Health: -7/70      AC: 11    Str:  6    XL:     11   Next: 21%
Magic:  15/27      EV: 20    Int: 23    God:    Vehumet [**....]
Gold:   857        SH:  9    Dex: 12    Spells: 15/30 levels left

rFire    . . .     SeeInvis .   j - +2 short sword (flame)
rCold    . . .     Gourm    .   (shield restricted)
rNeg     . . .     Faith    .   (armour unavailable)
rPois    .         Spirit   .   t - +2 helmet
rElec    .         Reflect  +   I - +0 cloak
rCorr    +         Harm     .   (no gloves)
MR       ++...                  K - +0 pair of boots
Stlth    +.........             y - +3 amulet of reflection
HPRegen  0.21/turn              w - ring of resist corrosion
MPRegen  0.20/turn              x - ring of protection from magic

@: flying evasively
A: small, magic attunement, unstealthy, unfitting armour, able to fly, AC/SH +6
a: Stop Flying, Renounce Religion


You were on level 9 of the Dungeon.
You worshipped Vehumet.
Vehumet was pleased with you.
You were not hungry.

You visited 2 branches of the dungeon, and saw 10 of its levels.

You collected 857 gold pieces.

Inventory:

Hand Weapons
 j - a +2 short sword of flaming (weapon)
Armour
 t - a +2 helmet (worn)
 I - a +0 cloak (worn)
 K - a +0 pair of boots (worn)
Jewellery
 w - a ring of resist corrosion (left hand)
 x - a ring of protection from magic (right hand)
 y - a +3 amulet of reflection (around neck)
 D - a +6 ring of dexterity
 J - an uncursed amulet of the acrobat
Wands
 A - a wand of polymorph (8)
 L - a wand of paralysis (9)
Scrolls
 c - 11 scrolls of identify
 h - 2 scrolls of immolation {unknown}
 i - 5 scrolls of enchant weapon {unknown}
 k - 4 scrolls of amnesia {unknown}
 l - 3 scrolls of teleportation {unknown}
 m - 3 scrolls of remove curse
 r - 3 scrolls of enchant armour {unknown}
 v - a scroll of noise {unknown}
 B - a scroll of blinking {unknown}
 H - a scroll of fear {unknown}
 N - a scroll of fog {unknown}
Potions
 a - a potion of resistance {unknown}
 b - a potion of magic
 d - 4 potions of degeneration {unknown}
 f - 4 potions of curing {unknown}
 g - 2 potions of heal wounds {unknown}
 o - 2 potions of might {unknown}
 p - 2 potions of brilliance {unknown}
 q - a potion of invisibility {unknown}
 s - a potion of berserk rage {unknown}
 z - 2 potions of flight {unknown}
 C - a potion of mutation {unknown}
 E - 3 potions of agility {unknown}
 G - 3 potions of haste
 O - a potion of lignification {unknown}
Miscellaneous
 F - a lamp of fire
Comestibles
 e - 12 rations {!d}
 M - 11 chunks of flesh


   Skills:
 + Level 4.5 Fighting
 + Level 7.3 Dodging
 - Level 1.5 Stealth
 - Level 10.2 Spellcasting
 - Level 10.0 Conjurations
 - Level 5.0 Hexes
 - Level 5.0 Summonings
 + Level 6.2 Fire Magic
 - Level 5.0 Air Magic
 - Level 5.0 Poison Magic


You had 15 spell levels left.
You knew the following spells:

 Your Spells              Type           Power        Failure   Level  Hunger
a - Magic Dart            Conj           ####         1%          1    None
b - Searing Ray           Conj           ######..     1%          2    None
c - Fulminant Prism       Conj/Hex       #####.....   1%          4    None
d - Call Imp              Summ           ####..       1%          2    None
e - Mephitic Cloud        Conj/Pois/Air  #####...     1%          3    None
f - Conjure Flame         Conj/Fire      #####...     1%          3    None

Your spell library contained the following spells:

 Spells                   Type           Power        Failure   Level  Hunger
 Sting                    Conj/Pois      ####         1%          1    None
 Sandblast                Erth           ##....       1%          1    None
 Slow                     Hex            ####....     1%          1    None
 Summon Butterflies       Summ           ####....     1%          1    None
 Iskenderun's Mystic Bla  Conj           ######..     1%          3    None
 Apportation              Tloc           ##....       5%          1    None
 Infusion                 Chrm           ##......     5%          1    None
 Irradiate                Conj/Tmut      ####......   5%          5    None
 Spider Form              Tmut/Pois      ###          6%          3    None
 Blink                    Tloc           N/A          9%          2    None


Dungeon Overview and Level Annotations

Branches:
Dungeon (9/12)             Temple (1/1) D:7             Orc (0/1) D:8
   Lair: D:7-9

Altars:
Ashenzari
Cheibriados
Dithmenos
Elyvilon
Fedhas
Gozag
Hepliaklqana
Kikubaaqudgha
Lugonu
Makhleb
Nemelex Xobeh
Qazlal
Ru
Sif Muna
Trog
Uskayaw
Vehumet
Wu Jian
Xom
Yredelemnul
Zin

Shops:
D:5 (   D:6 *

Annotations:
D:3 2 transporters
D:8 2 transporters


Innate Abilities, Weirdness & Mutations

Your spells do not cause hunger and MP costs are reduced by 1.
Your bright wings attract enemies. (Stealth-)
You cannot fit into any form of body armour.
Your shimmering scales are hard and can block incoming attacks. (AC +6, SH +6)
You are small and have problems with some larger weapons.
You can fly continuously.


Message History

Deactivating autopickup; reactivate with Ctrl-A.
Your iron imp closely misses the shadow.
Casting: Call Imp (safe; 1% risk of failure)
Confirm with . or Enter, or press ? or * to list all spells.
Aiming: Searing Ray (safe; 1% risk of failure)
Press: ? - help, Shift-Dir - straight line, f - hound
Aim: a hound The searing ray misses the hound. (Press . to maintain the ray.)
The hound barely misses you.
The shadow slips into darkness.
The shadow flickers and vanishes!
Your iron imp hits something.
The hound bites you.
Your iron imp closely misses something.
Casting: Searing Ray (safe; 1% risk of failure)
Confirm with . or Enter, or press ? or * to list all spells.
Aiming: Searing Ray (safe; 1% risk of failure)
Press: ? - help, Shift-Dir - straight line, p - hound (Press . to maintain the ray.)
The shadow strikes at you from the darkness!
You die...

# #....
.###...# #+
..#....# #.##
#.#..#
#.#...##....#
#...........#
#......(..###
#.(....†.##
#......h@#
#.......{#
#.####.5†5..# #
#P5...P.....≈
..PP..P†.P.....
(......).......
...PPP.P.P./.P.
...PP.####P.P..
>..P.P ...P.


You could see a hound, 2 friendly iron imps and a friendly crimson imp.

Vanquished Creatures
  A two-headed ogre (D:8)
  A cyclops (D:8)
  An ugly thing (D:7)
  A troll (D:8)
  2 hippogriffs
  2 hungry ghosts
  11 yaks
  Grum (D:8)
  A crocodile (D:9)
  A porcupine (D:9)
  A black bear (D:8)
  2 ice beasts
  4 orc warriors (D:8)
  A hornet zombie (D:8)
  An ogre (D:6)
  A phantom (D:8)
  2 wolves (D:8)
  2 centaurs (D:9)
  2 necrophages
  8 bullfrogs
  2 big kobolds
  A wyvern skeleton (D:7)
  3 scorpions
  4 howler monkeys
  2 crimson imps (D:7)
  4 orc priests
  2 bullfrog zombies
  3 centaur skeletons
  A bullfrog skeleton (D:5)
  A hound (D:5)
  6 orc wizards
  3 iguanas
  Ijyb (D:5)
  11 worker ants
  A howler monkey zombie (D:6)
  2 worker ant zombies
  Robin (D:2)
  6 adders
  4 gnolls (D:6)
  A shadow imp (D:7)
  An ooze (D:3)
  An adder skeleton (D:5)
  An adder zombie (D:8)
  5 worms
  3 dart slugs
  9 leopard geckos
  37 orcs
  3 giant cockroaches
  8 hobgoblins
  16 jackals
  14 kobolds
  3 quokkas
  2 ball pythons
  6 bats
  5 frilled lizards
  2 goblins (D:2)
  5 rats
  3 fungi (D:9)
229 creatures vanquished.

Vanquished Creatures (collateral kills)
  A sky beast (D:7)
  A crimson imp (D:7)
  A jelly (D:7)
  2 orcs
5 creatures vanquished.

Vanquished Creatures (others)
  An orc (D:6)
  38 fulminant prisms
  A fungus (D:9)
40 creatures vanquished.

Grand Total: 274 creatures vanquished

Notes
Turn   | Place    | Note
-------+----------+-------------------------------------------
     0 | D:1      | Faustar the Fairy Conjurer began the quest for the Orb.
     0 | D:1      | Reached XP level 1. HP: 11/11 MP: 6/6
    11 | D:1      | Reached skill level 5 in Conjurations
    18 | D:1      | Reached XP level 2. HP: 17/17 MP: 7/7
   129 | D:1      | Reached XP level 3. HP: 21/21 MP: 9/9
   162 | D:1      | Got a twitching platinum amulet
   184 | D:1      | Identified the amulet "Deifaruck" {Inacc +Blink} (You found
                  | it on level 1 of the Dungeon)
   482 | D:2      | Learned a level 2 spell: Searing Ray
   503 | D:2      | Reached XP level 4. HP: 27/27 MP: 8/10
   524 | D:2      | Found a shadowy altar of Dithmenos.
   746 | D:2      | Noticed Robin
   749 | D:2      | Killed Robin
   778 | D:2      | Found a faded altar of an unknown god.
  1007 | D:3      | Reached XP level 5. HP: 28/31 MP: 3/12
  1442 | D:3      | Found a transporter.
  1450 | D:3      | Found a transporter.
  1463 | D:3      | Found an opulent altar of Gozag.
  1464 | D:3      | Found the +8 robe of Folly {Archmagi, MR- EV-8 Int+8 Slay+8
                  | Stlth--}
  1762 | D:3      | Reached XP level 6. HP: 36/36 MP: 14/14
  1776 | D:3      | Found an opulent altar of Gozag.
  2081 | D:4      | Reached skill level 5 in Spellcasting
  2388 | D:4      | Reached XP level 7. HP: 41/41 MP: 14/17
  2891 | D:5      | Entered Level 5 of the Dungeon
  2907 | D:5      | Learned a level 4 spell: Fulminant Prism
  2910 | D:5      | Learned a level 2 spell: Call Imp
  2914 | D:5      | Learned a level 3 spell: Mephitic Cloud
  3147 | D:5      | Found Teiroeb's Weapon Boutique.
  3162 | D:5      | Reached skill level 1 in Summonings
  3162 | D:5      | Reached skill level 1 in Air Magic
  3162 | D:5      | Reached skill level 1 in Poison Magic
  3170 | D:5      | Reached skill level 1 in Hexes
  3717 | D:5      | Noticed Ijyb
  3730 | D:5      | Killed Ijyb
  3730 | D:5      | Reached XP level 8. HP: 30/46 MP: 8/19
  4175 | D:6      | Found Sied's Assorted Antiques.
  4300 | D:6      | Noticed a hippogriff
  4344 | D:6      | Killed a hippogriff
  4782 | D:6      | Found a shadowy altar of Dithmenos.
  4795 | D:6      | Found a white marble altar of Elyvilon.
  4914 | D:7      | Reached XP level 9. HP: 51/51 MP: 15/20
  5013 | D:7      | Reached skill level 5 in Air Magic
  5013 | D:7      | Reached skill level 5 in Poison Magic
  5174 | D:7      | Found a shimmering blue altar of Sif Muna.
  5191 | D:7      | Reached skill level 5 in Summonings
  5195 | D:7      | Reached skill level 5 in Hexes
  5578 | D:7      | Noticed a purple ugly thing
  5596 | D:7      | Killed a purple ugly thing
  5651 | D:7      | Reached skill level 10 in Spellcasting
  5673 | D:7      | Learned a level 3 spell: Conjure Flame
  5754 | D:7      | Reached XP level 10. HP: 56/56 MP: 21/26
  5814 | D:7      | Found a staircase to the Ecumenical Temple.
  5826 | Temple   | Entered the Ecumenical Temple
  5972 | Temple   | Became a worshipper of Vehumet
  6366 | D:8      | Found a transporter.
  6379 | D:8      | Reached skill level 1 in Fire Magic
  6379 | D:8      | Reached skill level 1 in Fighting
  6384 | D:8      | Noticed Grum
  6392 | D:8      | Killed Grum
  6495 | D:8      | Found a transporter.
  6792 | D:8      | Found a sacrificial altar of Ru.
  6946 | D:8      | Noticed a two-headed ogre
  6951 | D:8      | Killed a two-headed ogre
  7027 | D:8      | Reached skill level 5 in Dodging
  7088 | D:8      | Noticed a cyclops
  7130 | D:8      | Reached * piety under Vehumet
  7130 | D:8      | Offered knowledge of Flame Tongue by Vehumet.
  7817 | D:8      | Offered knowledge of Sting by Vehumet.
  7831 | D:8      | Reached ** piety under Vehumet
  7960 | D:8      | Reached skill level 5 in Fire Magic
  7963 | D:8      | Reached XP level 11. HP: 68/68 MP: 16/27
  7997 | D:8      | Found a staircase to the Orcish Mines.
  8109 | D:8      | Killed a cyclops
  8109 | D:8      | Reached skill level 10 in Conjurations
  8289 | D:9      | Mangled by a shadow

Skill      XL: |  1  2  3  4  5  6  7  8  9 10 11 |
---------------+----------------------------------+-----
Conjurations   | 5 6 7 8 9 10 | 10.0
Spellcasting   | 3 4 5 6 10 | 10.2
Summonings     | 2 4 5 |  5.0
Air Magic      | 2 4 5 |  5.0
Poison Magic   | 2 4 5 |  5.0
Hexes          | 2 3 5 |  5.0
Dodging        | 6 7 |  7.3
Fire Magic     | 5 6 |  6.2
Fighting       | 3 4 |  4.5
Stealth        | |  1.5

Action                   |  1- 3 |  4- 6 |  7- 9 | 10-12 || total
-------------------------+-------+-------+-------+-------++-------
Melee: Short sword       |       |     8 |    22 |    21 ||    51
 Cast: Magic Dart        |    61 |    59 |    56 |    46 ||   222
       Searing Ray       |     1 |    15 |    35 |    39 ||    90
       Fulminant Prism   |       |       |    21 |    17 ||    38
       Call Imp          |       |       |    13 |     8 ||    21
       Mephitic Cloud    |       |       |     1 |     3 ||     4
       Conjure Flame     |       |       |     2 |     6 ||     8
  Use: Scroll            |     1 |       |       |       ||     1
 Stab: Distracted        |       |       |     1 |       ||     1
  Eat: Chunk             |       |     6 |    13 |     8 ||    27
       Ration            |       |       |       |     1 ||     1
Armor: Skin              |     1 |     3 |    18 |     7 ||    29
Dodge: Dodged            |     1 |    13 |    41 |    54 ||   109
Block: Other             |     2 |     4 |    28 |    37 ||    71
       Reflection        |       |       |     5 |       ||     5
